 Dungeon Crawl Stone Soup version 0.28.0 (webtiles) character file.

Game seed: 2154260242195162883

26369 bande the Cleaver (level 13, -2/80 HPs)
             Began as a Gargoyle Fighter on Feb 12, 2022.
             Was the Champion of Okawaru.
             Slain by a large abomination (23 damage)
             ... on level 2 of the Abyss.
             The game lasted 00:33:53 (17774 turns).

bande the Cleaver (Gargoyle Fighter)               Turns: 17774, Time: 00:33:53

Health: -2/80      AC: 42    Str: 23    XL:     13   Next: 25%
Magic:  0/27       EV:  6    Int:  8    God:    Okawaru [******]
Gold:   1059       SH: 10    Dex: 13    Spells: 12/12 levels left

rFire   + . .      SeeInvis .   z - +2 war axe (venom)
rCold   + . .      Faith    .   Q - +0 kite shield
rNeg    + . .      Spirit   .   H - +0 plate armour "Earthly Heaven" {rElec rCorr MP+9 Str+3}
rPois   ∞          Reflect  .   S - +2 hat {Will+}
rElec   +          Harm     .   J - +2 cloak
rCorr   +          Rampage  .   w - +0 pair of gloves {infuse}
Will    +....                   x - +2 pair of boots
Stlth   ..........              r - amulet of regeneration
HPRegen 1.03/turn               P - +4 ring of protection
MPRegen 0.20/turn               c - ring of Immorality {rPois rF+ rC+ rCorr Int-2}

@: no status effects
A: sickness immunity, AC +9, negative energy resistance 1, electricity
resistance, torment resistance 1, petrification resistance, iridescent scales 2
a: Renounce Religion, Heroism, Finesse, Duel


You were on level 2 of the Abyss.
You worshipped Okawaru.
Okawaru was exalted by your worship.
You visited 3 branches of the dungeon, and saw 15 of its levels.
You visited the Abyss 1 time.
You also visited: Sewer and Volcano.

You collected 1059 gold pieces.

Inventory:

Hand Weapons
 j - a +2 mace of flaming
 z - a +2 war axe of venom (weapon)
 C - a +2 broad axe of draining
 E - a +2 flail of draining
Armour
 p - a +1 pair of gloves
 w - a +0 pair of gloves of infusion (worn)
 x - a +2 pair of boots (worn)
 H - the +0 plate armour "Earthly Heaven" (worn) {rElec rCorr MP+9 Str+3}
   (You found it on level 8 of the Dungeon)

   Str:       It affects your strength (+3).
   rElec:     It insulates you from electricity.
   MP:        It affects your magic capacity (+9).
   rCorr:     It protects you from acid and corrosion.
 J - a +2 cloak (worn)
 Q - a +0 kite shield (worn)
 S - a +2 hat of willpower (worn)
Jewellery
 b - an amulet of magic regeneration
 c - the ring of Immorality (right hand) {rPois rF+ rC+ rCorr Int-2}
   (You found it on level 3 of the Lair of Beasts)

   [ring of resist corrosion]

   Int:       It affects your intelligence (-2).
   rF:        It protects you from fire.
   rC:        It protects you from cold.
   rPois:     It protects you from poison.
   rCorr:     It protects you from acid and corrosion.
 k - a ring of willpower
 m - a +6 ring of dexterity
 r - an amulet of regeneration (around neck)
 B - a ring of positive energy
 F - a ring of positive energy
 M - a ring of positive energy
 P - a +4 ring of protection (left hand)
Wands
 a - a wand of polymorph (4)
 h - a wand of flame (29)
 q - a wand of iceblast (13)
 u - a wand of digging (6)
 A - a wand of acid (18)
 O - a wand of paralysis (8)
Scrolls
 f - a scroll of fog
 g - 5 scrolls of enchant armour
 l - 9 scrolls of teleportation
 v - 2 scrolls of fear
 y - a scroll of silence
 D - a scroll of blinking
 N - 4 scrolls of identify
Potions
 d - 2 potions of might
 e - 2 potions of invisibility
 i - 4 potions of curing
 n - 2 potions of mutation
 o - 2 potions of haste
 s - 3 potions of flight
 t - 2 potions of cancellation
 G - 2 potions of brilliance
 I - a potion of magic
 K - a potion of ambrosia
Miscellaneous
 L - a phantom mirror


   Skills:
 + Level 9.1 Fighting
 + Level 12.9 Axes
 + Level 9.4 Armour
 - Level 0.4 Dodging
 + Level 8.5 Shields
 * Level 7.9 Invocations
 * Level 7.8 Evocations


You had 12 spell levels left.
You didn't know any spells.
Your spell library contained the following spells:

 Spells                   Type           Power      Damage    Failure   Level
 Magic Dart               Conj           0%         1d3       100%        1
 Sandblast                Erth           0%         2d4       100%        1
 Shock                    Conj/Air       0%         1d3       100%        1
 Sting                    Tmut/Pois      0%         1d3       100%        1
 Corpse Rot               Necr/Air       0%         N/A       100%        2
 Passwall                 Tmut/Erth      0%         N/A       100%        2
 Scorch                   Fire           0%         2d5       100%        2
 Gell's Gravitas          Tloc           0%         N/A       100%        3
 Ignite Poison            Fire/Tmut/Pois 0%         N/A       100%        3
 Mephitic Cloud           Conj/Pois/Air  0%         N/A       100%        3
 Ozocubu's Armour         Ice            0%         N/A       100%        3
 Teleport Other           Tloc           0%         N/A       100%        3
 Anguish                  Hex/Necr       0%         N/A       100%        4
 Dispel Undead            Necr           0%         3d6       100%        4
 Flame Wave               Conj/Fire      0%         2d4       100%        4
 Alistair's Intoxication  Tmut/Pois      0%         N/A       100%        5
 Fireball                 Conj/Fire      0%         3d3       100%        5
 Freezing Cloud           Conj/Ice/Air   0%         6-21      100%        5
 Iskenderun's Battlesphe  Conj           0%         2d6       100%        5
 Metabolic Englaciation   Hex/Ice        0%         N/A       100%        5
 Conjure Ball Lightning   Conj/Air       0%         3x3d6     100%        6
 Dispersal                Tloc           0%         N/A       100%        6
 Orb of Destruction       Conj           0%         9d5       100%        7
 Animate Skeleton         Necr           Unusable   N/A       N/A         1
 Animate Dead             Necr           Unusable   N/A       N/A         4
 Death Channel            Necr           Unusable   N/A       N/A         6
 Simulacrum               Ice/Necr       Unusable   N/A       N/A         6
 Summon Cactus Giant      Summ           Unusable   N/A       N/A         6

Dungeon Overview and Level Annotations

Branches:
Dungeon (11/15)            Temple (1/1) D:7            Lair (3/6) D:11
 Spider (0/4) Lair:2          Orc (0/2) D:9           Sewer (visited)
Volcano (visited)
  Swamp: Lair:2-4    Shoals: Lair:2-4

Altars:
Ashenzari
Cheibriados
Elyvilon
Fedhas
Gozag
Hepliaklqana
Okawaru
Qazlal
Sif Muna
Xom
Yredelemnul
The Shining One
Beogh


Innate Abilities, Weirdness & Mutations

You are immune to sickness and miasma.
Your stone body is resilient. (AC +9)
You are immune to poison.
You resist negative energy. (rN+)
You are resistant to electric shocks. (rElec)
You are resistant to unholy torment.
You are immune to petrification.
You are mostly covered in iridescent scales. (AC +4)


Message History

You destroy the ancient zyme!
That felt strangely unrewarding.
You hit the smoke demon. You barely miss the small abomination.
The smoke demon hits you but does no damage.
You block the smoke demon's attack.
The smoke demon hits you but does no damage.
You block the small abomination's attack.
The smoke demon gestures at you.
The sticky flame hits you but does no damage.
You are covered in liquid flames!
The small abomination hits you but does no damage.
You hit the small abomination but do no damage.
The small abomination is severely damaged.
You are covered in liquid flames!
The small abomination hits you!
* * * LOW HITPOINT WARNING * * *
You hit the small abomination.
The small abomination is almost destroyed.
You slash the large abomination! You completely miss the smoke demon.
You are covered in liquid flames!
* * * LOW HITPOINT WARNING * * *
The smoke demon hits you but does no damage. x2
You block the smoke demon's attack.
You block the large abomination's attack.
You slice the small abomination!!
You destroy the small abomination!
That felt strangely unrewarding.
You hit the large abomination. You slash the smoke demon!
You are covered in liquid flames!
* * * LOW HITPOINT WARNING * * *
The smoke demon hits you but does no damage.
You block the smoke demon's attack. The smoke demon barely misses you.
The large abomination hits you but does no damage.
You slice the smoke demon!!
The smoke demon is severely wounded.
You barely miss the large abomination.
You are covered in liquid flames!
The smoke demon hits you but does no damage.
You block the smoke demon's attack. x2; The large abomination hits you!!
You die...

.# ## ..#.
.#####.#####
##..........## #
# # #
.............. .
# .# #
#..........# .. .
#.........#####..
#
#.....#3X........
. #......@..#####
.. .
#............# #
##.# #
.............# #.
###..........#
..# #.
#####.###.# x .
#.# #.# # #.# #.#
# # #.# .# #.# #
#


You could see a large abomination and a smoke demon.

Vanquished Creatures
  A starcursed mass (Abyss:2)
  A hydra (D:10)
  A two-headed ogre (D:10)
  2 death yaks
  2 thrashing horrors (Abyss:2)
  Nergalle (Lair:2)
  Sonja (D:10)
  A quicksilver dragon simulacrum (Abyss:2)
  Pikel (D:5)
  2 wizards (Volcano)
  An ugly thing (D:11)
  A cyclops (D:10)
  2 worldbinders (Abyss:2)
  3 toenail golems (Volcano)
  An elephant (D:10)
  Maurice (D:8)
  2 black mambas
  8 cane toads
  Psyche (D:8)
  2 rime drakes (Lair:2)
  A freezing wraith (Abyss:2)
  Maggie (D:6)
  2 komodo dragons
  2 ice devils (Lair:1)
  2 ancient zymes (Abyss:2)
  3 polar bears (Lair:1)
  10 blink frogs (Lair:2)
  3 large abominations (Abyss:2)
  3 wraiths
  2 dire elephant simulacra (Lair:2)
  A basilisk (D:11)
  18 yaks
  4 wyverns
  2 redbacks (Lair:2)
  3 steam dragons
  2 vampire mosquitoes (D:11)
  A chaos spawn (Abyss:2)
  6 small abominations (Abyss:2)
  13 water moccasins
  2 orc warriors
  Pargi (D:3)
  2 ice beasts
  2 sky beasts
  3 black bears
  5 wolves (Lair:1)
  2 centaurs
  3 lemures (D:5)
  2 phantoms
  6 kobold brigands
  7 bullfrogs
  A wyvern skeleton (D:7)
  3 scorpions
  A wyvern zombie (D:7)
  A cane toad simulacrum (Lair:2)
  A water moccasin skeleton (D:6)
  12 killer bees
  An elephant simulacrum (Lair:2)
  3 howler monkeys (D:7)
  4 centaur zombies
  A quasit (Abyss:2)
  4 orc priests
  2 hounds
  3 gnoll shamans
  4 centaur skeletons
  Jessica (D:2)
  An iguana (D:4)
  3 orc wizards
  A scorpion zombie (D:4)
  A polar bear simulacrum (Lair:2)
  A troll simulacrum (Lair:2)
  A howler monkey zombie (D:11)
  12 gnolls
  3 river rats (Sewer)
  12 adders
  A naga simulacrum (Lair:2)
  A white imp (Lair:2)
  An ufetubus (D:5)
  5 worms
  3 dart slugs
  39 orcs
  15 ball pythons
  5 bats
  10 endoplasms
  4 giant cockroaches
  12 goblins
  4 hobgoblins
  7 jackals
  22 kobolds
  2 quokkas
  4 frilled lizards
  A quokka skeleton (D:4)
  10 rats
372 creatures vanquished.

Vanquished Creatures (others)
  A wizard (Volcano)
  A killer bee zombie (D:7)
  16 fungi
  26 plants
44 creatures vanquished.

Grand Total: 416 creatures vanquished

Notes
Turn   | Place    | Note
-------+----------+-------------------------------------------
     0 | D:1      | bande the Gargoyle Fighter began the quest for the Orb.
     0 | D:1      | Reached XP level 1. HP: 14/14 MP: 1/1
   133 | D:1      | Reached XP level 2. HP: 18/19 MP: 2/2
   151 | D:1      | Reached skill level 2 in Axes
   971 | D:2      | Reached XP level 3. HP: 13/23 MP: 3/3
  1314 | D:2      | Found a faded altar of an unknown god.
  2125 | D:2      | Reached XP level 4. HP: 26/28 MP: 4/4
  2170 | D:2      | Noticed Jessica
  2174 | D:2      | Killed Jessica
  2175 | D:2      | Reached skill level 3 in Axes
  2545 | D:3      | Noticed Pargi
  2560 | D:3      | HP: 1/29 [Pargi (2)]
  2564 | D:3      | Killed Pargi
  2565 | D:3      | Reached XP level 5. HP: 31/33 MP: 5/5
  2731 | D:3      | Found a glowing drain.
  2735 | Sewer    | Entered a sewer
  2756 | Sewer    | Noticed a kobold brigand
  2789 | Sewer    | Killed a kobold brigand
  2790 | Sewer    | Reached skill level 4 in Axes
  2790 | Sewer    | Reached XP level 6. HP: 28/38 MP: 6/6
  3608 | Sewer    | Reached XP level 7. HP: 10/44 MP: 7/7
  4252 | Sewer    | Reached skill level 5 in Axes
  4801 | D:4      | Found a transporter.
  4808 | D:4      | Found a transporter.
  4816 | D:4      | Reached skill level 5 in Armour
  5110 | D:4      | Found a broken altar of Ashenzari.
  5330 | D:4      | Reached skill level 1 in Evocations
  5690 | D:4      | Reached XP level 8. HP: 44/48 MP: 8/8
  5889 | D:4      | Gained mutation: You are partially covered in iridescent
                  | scales. (AC +2) [potion of mutation]
  5889 | D:4      | Gained mutation: You are mostly covered in iridescent
                  | scales. (AC +4) [potion of mutation]
  5953 | D:4      | Reached skill level 6 in Axes
  6172 | D:5      | Entered Level 5 of the Dungeon
  6250 | D:5      | Reached skill level 5 in Fighting
  6250 | D:5      | Reached skill level 5 in Shields
  6290 | D:5      | Found a blossoming altar of Fedhas.
  6916 | D:6      | Noticed Pikel
  7046 | D:5      | Killed Pikel
  7047 | D:5      | Reached skill level 7 in Axes
  7047 | D:5      | Reached XP level 9. HP: 24/54 MP: 9/9
  8140 | D:6      | Noticed Maggie
  8155 | D:6      | Killed Maggie
  8156 | D:6      | Reached skill level 8 in Axes
  8474 | D:7      | Found a staircase to the Ecumenical Temple.
  8498 | Temple   | Entered the Ecumenical Temple
  8565 | Temple   | Became a worshipper of Warmaster Okawaru
  8831 | D:7      | Reached skill level 1 in Invocations
  8882 | D:7      | Reached XP level 10. HP: 53/61 MP: 10/10
  8909 | D:7      | Found a glowing golden altar of the Shining One.
  8912 | D:7      | Found a shimmering altar of Xom.
  8916 | D:7      | Found a basalt altar of Yredelemnul.
  8916 | D:7      | Found a stormy altar of Qazlal.
  8919 | D:7      | Found a snail-covered altar of Cheibriados.
  9435 | D:8      | Identified the +0 plate armour "Earthly Heaven" {rElec
                  | rCorr MP+9 Str+3}
  9566 | D:8      | Found an opulent altar of Gozag.
  9656 | D:8      | Reached skill level 9 in Axes
  9665 | D:8      | Reached * piety under Okawaru
  9832 | D:8      | Noticed Psyche
  9843 | D:8      | Killed Psyche
  9843 | D:8      | Reached ** piety under Okawaru
  9844 | D:8      | Reached skill level 5 in Evocations
 10219 | D:9      | Noticed Maurice
 10231 | D:8      | Killed Maurice
 10579 | D:9      | Reached *** piety under Okawaru
 10581 | D:9      | Reached skill level 10 in Axes
 10802 | D:9      | Reached XP level 11. HP: 67/67 MP: 13/13
 10872 | D:9      | Found a staircase to the Orcish Mines.
 11091 | D:10     | Entered Level 10 of the Dungeon
 11106 | D:10     | Noticed Sonja
 11118 | D:10     | Killed Sonja
 11230 | D:10     | Noticed a cyclops
 11249 | D:10     | Killed a cyclops
 11249 | D:10     | Reached **** piety under Okawaru
 11291 | D:10     | Noticed a two-headed ogre
 11292 | D:10     | Noticed a six-headed hydra
 11299 | D:10     | Killed a two-headed ogre
 11309 | D:10     | Killed a six-headed hydra
 12086 | D:10     | Reached skill level 5 in Invocations
 12386 | D:11     | Noticed a death yak
 12410 | D:10     | Reached ***** piety under Okawaru
 12428 | D:10     | Killed a death yak
 12562 | D:10     | Reached skill level 11 in Axes
 12635 | D:11     | Noticed a white ugly thing
 12648 | D:11     | Killed a white ugly thing
 12830 | D:11     | Found a staircase to the Lair.
 13087 | D:11     | Identified the +1 scale mail of the Aged Queens {rElec}
 13359 | Lair:1   | Entered Level 1 of the Lair of Beasts
 13440 | Lair:1   | Reached XP level 12. HP: 73/73 MP: 16/16
 13559 | Lair:1   | Got the Handbook of Evil and Toxins
 13659 | Lair:1   | You fall into a shaft and drop 1 floor!
 13659 | Lair:2   | Noticed Nergalle
 13669 | Lair:2   | Received a gift from Okawaru
 13671 | Lair:2   | Killed Nergalle
 13802 | Lair:2   | Got A Beginning Course on Spellcasting
 13893 | Lair:2   | Reached skill level 12 in Axes
 14608 | Lair:2   | Found a hole to the Spider Nest.
 15154 | Lair:2   | Noticed a death yak
 15359 | Lair:1   | Killed a death yak
 15943 | Lair:2   | HP: 1/75 [dire elephant simulacrum (43)]
 16071 | Lair:2   | Got the Collected Works on the Virous Mountains
 16478 | Lair:3   | Reached XP level 13. HP: 80/80 MP: 18/18
 16799 | Lair:3   | Identified the ring of Immorality {rPois rF+ rC+ rCorr
                  | Int-2}
 17056 | Lair:3   | Found a dark tunnel.
 17062 | Volcano  | Entered a volcano
 17073 | Volcano  | Reached ****** piety under Okawaru
 17089 | Volcano  | Received a gift from Okawaru
 17278 | Volcano  | Cast into level 2 of the Abyss (a wizard)
 17278 | Abyss:2  | Found a corrupted altar of Lugonu.
 17298 | Abyss:2  | Noticed a purple very ugly thing
 17298 | Abyss:2  | Noticed a purple very ugly thing
 17298 | Abyss:2  | Noticed a brown very ugly thing
 17307 | Abyss:2  | Noticed an ironbound thunderhulk
 17310 | Abyss:2  | Noticed an ironbound thunderhulk
 17310 | Abyss:2  | Noticed a cyan very ugly thing
 17640 | Abyss:2  | Noticed a starcursed mass
 17673 | Abyss:2  | Killed a starcursed mass
 17674 | Abyss:2  | HP: 3/80 [small abomination (5)]
 17774 | Abyss:2  | Slain by a large abomination

Illustrated notes

Levels and vault maps discovered:
D:1:      dpeg_arrival_round_c, layout_loops_ring, serial_bayou_pond_c,
          minmay_misc_feat_doors
D:2:      layout_loops_ring, ebering_ecumenical_altar_hall, minmay_circle_x,
          uniq_jessica
D:3:      layout_loops_ring, gup_sewer_entry_spiral, uniq_pargi
D:4:      cheibrodos_old_hovel, layout_basic, gammafunk_temple_overflow_arena,
          kennysheep_doodads, hangedman_decor_peaks_small, small_statue_alley_b
D:5:      layout_cave_pools, mainiacjoe_overflow_24_doors
D:6:      layout_basic, grunt_decor_arrowhead, uniq_maggie, uniq_pikel
D:7:      layout_basic, minitemple, minmay_temple_entry_overgrown
D:8:      layout_loops_corners, grunt_gozag_breadcrumbs, special_room
          [special_room_orc], uniq_psyche
D:9:      layout_stronghold, orc_0_dummy, uniq_maurice
D:10:     layout_basic, uniq_sonja
D:11:     layout_roguey, david_lair_generic
Temple:   minmay_temple_curvy_branch
Lair:1:   layout_roguey, beast_lair_carwin_5, lemuel_fruit_tree
Lair:2:   dreamdust_isle_of_ice, layout_concentric_octagons,
          spider_nest_entry_a, lemuel_fruit_fields, uniq_nergalle
Lair:3:   layout_roguey, nicolae_volcano_entry_s_turn,
          nicolae_quartered_pool_impasse, grunt_megastairs_3
Abyss:2:  base: D:13, evilmike_abyss_exit_9, evilmike_abyss_exit_mutagenic,
          evilmike_abyss_exit_mutagenic, evilmike_abyss_exit_17,
          hangedman_abyss_theft, evilmike_abyss_exit_5
Volcano:  volcano_bunker

Skill      XL: |  1  2  3  4  5  6  7  8  9 10 11 12 13 |
---------------+----------------------------------------+-----
Axes           | 2 3 4 5 7 8 10 11 12 | 12.9
Armour         | 4 5 6 7 8 9 |  9.4
Fighting       | 4 5 6 7 8 9 |  9.1
Shields        | 4 5 6 7 8 |  8.5
Evocations     | 1 3 4 5 6 7 |  7.8
Invocations    | 1 3 5 7 |  7.9
Dodging        | |  0.4

Action                   |  1- 3 |  4- 6 |  7- 9 | 10-12 | 13-15 || total
-------------------------+-------+-------+-------+-------+-------++-------
Melee: War axe           |   117 |   206 |   410 |   590 |   248 ||  1571
       Flail             |       |       |       |     9 |       ||     9
Invok: Heroism           |       |       |       |     2 |       ||     2
  Use: Scroll            |     3 |     1 |     9 |     8 |       ||    21
       Potion            |       |     2 |     1 |     2 |       ||     5
 Stab: Invisible         |       |       |       |     1 |     2 ||     3
Armor: Scale mail        |    48 |       |       |       |       ||    48
       Plate armour      |    14 |   140 |   338 |   513 |   222 ||  1227
       Skin              |       |     8 |       |       |       ||     8
Dodge: Dodged            |    55 |    39 |   111 |   177 |    72 ||   454
Block: Buckler           |    27 |    78 |   165 |   243 |     3 ||   516
       Kite shield       |       |       |       |       |   122 ||   122
